TOP OF THE 1ST |
Hendersonville Hitmen batting - Pitching for St. Louis Browns : LHP Ramón Ruíz
|
Pitching: LHP Ramón Ruíz
|
|
Batting: SHB Félix Montoya
|
0-0: Swinging Strike 0-1: Hit by Pitch
|
Batting: SHB José Estreito
|
0-0: Ball 1-0: Called Strike 1-1: Foul Ball, location: 2F 1-2: Ball 2-2: Strikes out looking
|
Batting: LHB Robert Phillips
|
0-0: Ball 1-0: Foul Ball, location: 2F Balk! Félix Montoya to second 1-1: Foul Ball, location: 2F 1-2: Ball 2-2: Strikes out swinging
|
Batting: RHB Felipe Jareño
|
0-0: Called Strike 0-1: Ball 1-1: Swinging Strike 1-2: Foul Ball, location: 2F 1-2: Fly out, F8 (Flyball, 8RXD)
|
Top of the 1st over - 0 runs, 0 hits, 0 errors, 1 left on base; Hendersonville 0 - St. Louis 0 |
BOTTOM OF THE 1ST |
St. Louis Browns batting - Pitching for Hendersonville Hitmen : RHP Guy Hebert
|
Pitching: RHP Guy Hebert
|
|
Batting: RHB Javier Martínez
|
0-0: Ball 1-0: Called Strike 1-1: Ball 2-1: Foul Ball, location: 2F 2-2: Ball 3-2: Base on Balls
|
Batting: RHB Pepe Carrasco
|
0-0: Ball 1-0: Ball 2-0: Ground out 3-1 (Groundball, 34) Javier Martínez to second
|
Batting: LHB Mike Hill
|
0-0: Ground out 1-3 (Groundball, 13S) Javier Martínez to third
|
Batting: LHB Norberto Muñóz
|
0-0: Called Strike 0-1: Swinging Strike 0-2: Strikes out swinging
|
Bottom of the 1st over - 0 runs, 0 hits, 0 errors, 1 left on base; Hendersonville 0 - St. Louis 0 |
TOP OF THE 2ND |
Hendersonville Hitmen batting - Pitching for St. Louis Browns : LHP Ramón Ruíz
|
Batting: SHB Rick Turner
|
0-0: Foul Ball, location: 2F 0-1: Ground out 6-3 (Groundball, 6)
|
Batting: RHB Ron Glass
|
0-0: Called Strike 0-1: Ball 1-1: Swinging Strike 1-2: Fly out, F8 (Flyball, 8LXD)
|
Batting: LHB Pedro Gonzáles
|
0-0: Ball 1-0: Ground out 5-3 (Groundball, 56)
|
Top of the 2nd over - 0 runs, 0 hits, 0 errors, 0 left on base; Hendersonville 0 - St. Louis 0 |
BOTTOM OF THE 2ND |
St. Louis Browns batting - Pitching for Hendersonville Hitmen : RHP Guy Hebert
|
Batting: LHB Junior Coates
|
0-0: Foul Ball, location: 2F 0-1: Foul Ball, location: 2F 0-2: Ball 1-2: Strikes out swinging
|
Batting: RHB José Flores
|
0-0: Swinging Strike 0-1: Called Strike 0-2: Foul Ball, location: 2F 0-2: Ball 1-2: Ball 2-2: Ball 3-2: Strikes out swinging
|
Batting: LHB Dave Watson
|
0-0: Called Strike 0-1: Foul Ball, location: 2F 0-2: Foul Ball, location: 2F 0-2: Ball 1-2: Ball 2-2: Ball 3-2: Base on Balls
|
Batting: RHB Domingo Romero
|
0-0: Ball 1-0: Foul Ball, location: 2F 1-1: Ball 2-1: Ball 3-1: Fly out, F8 (Flyball, 8LM)
|
Bottom of the 2nd over - 0 runs, 0 hits, 0 errors, 1 left on base; Hendersonville 0 - St. Louis 0 |
TOP OF THE 3RD |
Hendersonville Hitmen batting - Pitching for St. Louis Browns : LHP Ramón Ruíz
|
Batting: LHB Milo Glenn
|
0-0: Ball 1-0: Called Strike 1-1: Foul Ball, location: 2F 1-2: DOUBLE (Line Drive, 5D)
|
Batting: RHB Boyd Pittman
|
0-0: Called Strike 0-1: Ball 1-1: Foul Ball, location: 2F 1-2: Strikes out swinging
|
Batting: SHB Félix Montoya
|
0-0: Called Strike 0-1: Ball Milo Glenn steals 3rd base 1-1: SINGLE (Flyball, 89S) Milo Glenn scores
|
Batting: SHB José Estreito
|
0-0: Ball Félix Montoya steals 2nd base 1-0: SINGLE (Flyball, 7S) Félix Montoya to third Runner from 3rd tries for Home, SAFE, throw made home
|
Batting: LHB Robert Phillips
|
0-0: Ball 1-0: Called Strike 1-1: Called Strike 1-2: Strikes out swinging
|
Batting: RHB Felipe Jareño
|
0-0: Ball 1-0: Ball 2-0: Reached on error, E5 (Groundball, 56S) José Estreito to third
|
Batting: SHB Rick Turner
|
0-0: Fly out, F8 (Flyball, 8RD)
|
Top of the 3rd over - 2 runs, 3 hits, 1 error, 2 left on base; Hendersonville 2 - St. Louis 0 |
BOTTOM OF THE 3RD |
St. Louis Browns batting - Pitching for Hendersonville Hitmen : RHP Guy Hebert
|
Batting: SHB Tim Reid
|
0-0: Ball 1-0: Foul Ball, location: 2F 1-1: Foul Ball, location: 2F 1-2: Foul Ball, location: 2F 1-2: SINGLE (Groundball, 4D)
|
Batting: RHB Javier Martínez
|
0-0: Ball 1-0: Called Strike 1-1: SINGLE (Groundball, 56D) Tim Reid to second
|
Batting: RHB Pepe Carrasco
|
0-0: Ball 1-0: Ball 2-0: Foul Ball, location: 2F 2-1: Ball 3-1: Swinging Strike 3-2: Foul Ball, location: 2F 3-2: Reached on error, E5 (Groundball, 56S) Tim Reid scores Javier Martínez to third
|
Batting: LHB Mike Hill
|
0-0: Ball 1-0: Fly out, F6 (Popup, 6)
|
Batting: LHB Norberto Muñóz
|
0-0: Called Strike 0-1: Swinging Strike 0-2: Ball 1-2: Ball 2-2: Fly out, F8 (Line Drive, 8RD) Runner from 3rd tags up, SCORES, throw made
|
Batting: LHB Junior Coates
|
0-0: Ball 1-0: Ball 2-0: Ball 3-0: Base on Balls
|
Batting: RHB José Flores
|
0-0: Called Strike 0-1: Called Strike 0-2: Ball Passed Ball! Pepe Carrasco to third Junior Coates to second 1-2: Ground out 6-3 (Groundball, 6)
|
Bottom of the 3rd over - 2 runs, 2 hits, 1 error, 2 left on base; Hendersonville 2 - St. Louis 2 |
TOP OF THE 4TH |
Hendersonville Hitmen batting - Pitching for St. Louis Browns : LHP Ramón Ruíz
|
Batting: RHB Ron Glass
|
0-0: Ball 1-0: Foul Ball, location: 2F 1-1: Foul Ball, location: 2F 1-2: Foul Ball, location: 2F 1-2: Ground out 6-3 (Groundball, 6)
|
Batting: LHB Pedro Gonzáles
|
0-0: Fly out, F4 (Line Drive, 4)
|
Batting: LHB Milo Glenn
|
0-0: Called Strike 0-1: Ball 1-1: Foul Ball, location: 2F 1-2: Ground out 6-3 (Groundball, 6)
|
Top of the 4th over - 0 runs, 0 hits, 0 errors, 0 left on base; Hendersonville 2 - St. Louis 2 |
BOTTOM OF THE 4TH |
St. Louis Browns batting - Pitching for Hendersonville Hitmen : RHP Guy Hebert
|
Batting: LHB Dave Watson
|
0-0: Foul Ball, location: 2F 0-1: Swinging Strike 0-2: Foul Ball, location: 2F 0-2: Ball 1-2: Fly out, F9 (Flyball, 89M)
|
Batting: RHB Domingo Romero
|
0-0: Called Strike 0-1: Ground out 6-3 (Groundball, 6)
|
Batting: SHB Tim Reid
|
0-0: Ball 1-0: Foul Ball, location: 2F 1-1: SINGLE (Groundball, 4D)
|
Batting: RHB Javier Martínez
|
0-0: Ball 1-0: Foul Ball, location: 2F 1-1: Foul Ball, location: 2F 1-2: Ball Wild Pitch! Tim Reid to second 2-2: Ball 3-2: SINGLE (Line Drive, 7S) Tim Reid to third Tim Reid scores
|
Batting: RHB Pepe Carrasco
|
0-0: Ball 1-0: Foul Ball, location: 2F 1-1: Ball 2-1: Ball 3-1: Base on Balls Javier Martínez to second
|
Batting: LHB Mike Hill
|
0-0: Ball Pepe Carrasco steals 2nd base Javier Martínez to third 1-0: Ball 2-0: SINGLE (Line Drive, 5) Javier Martínez scores Pepe Carrasco to third Runner from 3rd tries for Home, throw and OUT!
|
Bottom of the 4th over - 2 runs, 3 hits, 0 errors, 1 left on base; Hendersonville 2 - St. Louis 4 |
TOP OF THE 5TH |
Hendersonville Hitmen batting - Pitching for St. Louis Browns : LHP Ramón Ruíz
|
Batting: RHB Boyd Pittman
|
0-0: Called Strike 0-1: Fly out, F9 (Flyball, 9S)
|
Batting: SHB Félix Montoya
|
0-0: Foul Ball, location: 2F 0-1: Ball 1-1: Swinging Strike 1-2: Ball 2-2: Ball 3-2: Foul Ball, location: 2F 3-2: Strikes out swinging
|
Batting: SHB José Estreito
|
0-0: Called Strike 0-1: SINGLE (Groundball, 4MD)
|
Batting: LHB Robert Phillips
|
0-0: Called Strike 0-1: Ball 1-1: Foul Ball, location: 2F 1-2: Strikes out swinging
|
Top of the 5th over - 0 runs, 1 hit, 0 errors, 1 left on base; Hendersonville 2 - St. Louis 4 |
BOTTOM OF THE 5TH |
St. Louis Browns batting - Pitching for Hendersonville Hitmen : RHP Guy Hebert
|
Batting: LHB Norberto Muñóz
|
0-0: Ball 1-0: Called Strike 1-1: Ball 2-1: Ball 3-1: Called Strike 3-2: Foul Ball, location: 2F 3-2: Base on Balls
|
Batting: LHB Junior Coates
|
0-0: Called Strike 0-1: Called Strike 0-2: Strikes out looking
|
Batting: RHB José Flores
|
0-0: Called Strike 0-1: Ball 1-1: Ball 2-1: Called Strike 2-2: Foul Ball, location: 2F 2-2: Ball 3-2: Ground out 6-3 (Groundball, 6) Norberto Muñóz to second
|
Batting: LHB Dave Watson
|
0-0: Called Strike 0-1: Ground out 3-1 (Groundball, 34S)
|
Bottom of the 5th over - 0 runs, 0 hits, 0 errors, 1 left on base; Hendersonville 2 - St. Louis 4 |
TOP OF THE 6TH |
Hendersonville Hitmen batting - Pitching for St. Louis Browns : LHP Ramón Ruíz
|
Batting: RHB Felipe Jareño
|
0-0: Called Strike 0-1: Foul Ball, location: 2F 0-2: SOLO HOME RUN (Flyball, 7D), Distance : 377 ft
|
Batting: SHB Rick Turner
|
0-0: Ball 1-0: Called Strike 1-1: Swinging Strike 1-2: Ball 2-2: Foul Ball, location: 2F 2-2: Ball 3-2: Foul Ball, location: 2F 3-2: Strikes out swinging
|
Batting: RHB Ron Glass
|
0-0: Ball 1-0: Foul Ball, location: 2F 1-1: Fly out, F7 (Flyball, 78D)
|
Batting: LHB Pedro Gonzáles
|
0-0: Ball 1-0: Ground out 6-3 (Groundball, 6)
|
Top of the 6th over - 1 run, 1 hit, 0 errors, 0 left on base; Hendersonville 3 - St. Louis 4 |
BOTTOM OF THE 6TH |
St. Louis Browns batting - Pitching for Hendersonville Hitmen : RHP Guy Hebert
|
Pitching: RHP Jimmy Banks
|
|
Batting: RHB Domingo Romero
|
0-0: Swinging Strike 0-1: Ground out U3 (Groundball, 3)
|
Batting: SHB Tim Reid
|
0-0: Ball 1-0: Called Strike 1-1: Ball 2-1: Called Strike 2-2: Ball 3-2: Base on Balls
|
Batting: RHB Javier Martínez
|
0-0: Fielders Choice at 2nd, 1-4 (Groundball, 15S)
|
Batting: RHB Pepe Carrasco
|
0-0: Ball 1-0: Called Strike 1-1: Ball 2-1: Swinging Strike 2-2: Strikes out swinging
|
Bottom of the 6th over - 0 runs, 0 hits, 0 errors, 1 left on base; Hendersonville 3 - St. Louis 4 |
TOP OF THE 7TH |
Hendersonville Hitmen batting - Pitching for St. Louis Browns : LHP Ramón Ruíz
|
Pitching: RHP Juan Rivera
|
|
Batting: LHB Milo Glenn
|
0-0: Foul Ball, location: 2F 0-1: Swinging Strike 0-2: Ball 1-2: Ball 2-2: Strikes out swinging
|
Batting: RHB Boyd Pittman
|
0-0: Called Strike 0-1: Fly out, F3 (Line Drive, 34S)
|
Batting: SHB Félix Montoya
|
0-0: Ground out 3-1 (Groundball, 34S)
|
Top of the 7th over - 0 runs, 0 hits, 0 errors, 0 left on base; Hendersonville 3 - St. Louis 4 |
BOTTOM OF THE 7TH |
St. Louis Browns batting - Pitching for Hendersonville Hitmen : RHP Jimmy Banks
|
Batting: LHB Mike Hill
|
0-0: Called Strike 0-1: Called Strike 0-2: Ball 1-2: Ball 2-2: Foul Ball, location: 2F 2-2: Strikes out looking
|
Batting: LHB Norberto Muñóz
|
0-0: Ball 1-0: Swinging Strike 1-1: Fly out, F9 (Flyball, 9)
|
Batting: LHB Junior Coates
|
0-0: Called Strike 0-1: Called Strike 0-2: Foul Ball, location: 2F 0-2: Foul Ball, location: 2F 0-2: Ground out 6-3 (Groundball, 6)
|
Bottom of the 7th over - 0 runs, 0 hits, 0 errors, 0 left on base; Hendersonville 3 - St. Louis 4 |
TOP OF THE 8TH |
Hendersonville Hitmen batting - Pitching for St. Louis Browns : RHP Juan Rivera
|
Now in RF: Miguel Medellín
|
|
Batting: SHB José Estreito
|
0-0: Ground out 6-3 (Groundball, 6)
|
Batting: LHB Robert Phillips
|
0-0: Ball 1-0: Foul Ball, location: 2F 1-1: Ball 2-1: Called Strike 2-2: Foul Ball, location: 2F 2-2: Ball 3-2: Foul Ball, location: 2F 3-2: SINGLE (Groundball, 4MD)
|
Batting: RHB Felipe Jareño
|
0-0: Called Strike 0-1: Swinging Strike 0-2: Ball 1-2: Foul Ball, location: 2F 1-2: Foul Ball, location: 2F 1-2: Ball 2-2: Foul Ball, location: 2F 2-2: Fly out, F9 (Line Drive, 9)
|
Batting: SHB Rick Turner
|
0-0: Foul Ball, location: 2F 0-1: Ball 1-1: Fly out, F5 (Popup, 5SF)
|
Top of the 8th over - 0 runs, 1 hit, 0 errors, 1 left on base; Hendersonville 3 - St. Louis 4 |
BOTTOM OF THE 8TH |
St. Louis Browns batting - Pitching for Hendersonville Hitmen : RHP Jimmy Banks
|
Batting: RHB José Flores
|
0-0: Ball 1-0: Called Strike 1-1: Foul Ball, location: 2F 1-2: Ball 2-2: Strikes out swinging
|
Batting: LHB Dave Watson
|
0-0: Ball 1-0: Foul Ball, location: 2F 1-1: Ground out 5-3 (Groundball, 56)
|
Batting: RHB Domingo Romero
|
0-0: Called Strike 0-1: Fly out, F9 (Flyball, 9D)
|
Bottom of the 8th over - 0 runs, 0 hits, 0 errors, 0 left on base; Hendersonville 3 - St. Louis 4 |
TOP OF THE 9TH |
Hendersonville Hitmen batting - Pitching for St. Louis Browns : RHP Juan Rivera
|
Batting: RHB Ron Glass
|
0-0: DOUBLE (Groundball, 5L)
|
Batting: LHB Pedro Gonzáles
|
0-0: Ball 1-0: Sac Bunt - play at first, batter OUT! 1-3 Ron Glass to third
|
Batting: LHB Milo Glenn
|
0-0: Ball 1-0: Foul Ball, location: 2F 1-1: Swinging Strike 1-2: Strikes out looking
|
Batting: RHB Boyd Pittman
|
0-0: SINGLE (Groundball, 56D) Ron Glass scores
|
Batting: SHB Félix Montoya
|
0-0: Ball 1-0: Swinging Strike 1-1: Foul Ball, location: 2F 1-2: Ball 2-2: Ground out 1-3 (Groundball, 13)
|
Top of the 9th over - 1 run, 2 hits, 0 errors, 1 left on base; Hendersonville 4 - St. Louis 4 |
BOTTOM OF THE 9TH |
St. Louis Browns batting - Pitching for Hendersonville Hitmen : RHP Jimmy Banks
|
Pinch Hitting: RHB Carlos Alfaro
|
0-0: Called Strike 0-1: Called Strike 0-2: Fly out, F7 (Flyball, 7D)
|
Batting: RHB Javier Martínez
|
0-0: Ball 1-0: Swinging Strike 1-1: Foul Ball, location: 2F 1-2: Ball 2-2: Ball 3-2: Ground out 6-3 (Groundball, 6)
|
Batting: RHB Pepe Carrasco
|
0-0: Foul Ball, location: 2F 0-1: Ball 1-1: Ball 2-1: Foul Ball, location: 2F 2-2: Strikes out looking
|
Bottom of the 9th over - 0 runs, 0 hits, 0 errors, 0 left on base; Hendersonville 4 - St. Louis 4 |
TOP OF THE 10TH |
Hendersonville Hitmen batting - Pitching for St. Louis Browns : RHP Juan Rivera
|
Pitching: RHP Juan Franco
|
|
Now at SS: Carlos Alfaro
|
|
Pinch Hitting: LHB Pedro Rodríguez
|
0-0: Called Strike 0-1: Ball 1-1: Fly out, F7 (Flyball, 7)
|
Batting: LHB Robert Phillips
|
0-0: Ball 1-0: Foul Ball, location: 2F 1-1: Called Strike 1-2: Foul Ball, location: 2F 1-2: SINGLE (Line Drive, 34D)
|
Batting: RHB Felipe Jareño
|
0-0: Ball 1-0: SINGLE (Line Drive, 78S) Robert Phillips to second
|
Pinch Runner at 2nd Tommy Payne:
|
|
Batting: SHB Rick Turner
|
0-0: Ball 1-0: Foul Ball, location: 2F 1-1: SINGLE (Line Drive, 6MD) Tommy Payne to third Felipe Jareño to second
|
Batting: RHB Ron Glass
|
0-0: Foul Ball, location: 2F 0-1: Ball 1-1: Foul Ball, location: 2F 1-2: Foul Ball, location: 2F 1-2: Strikes out looking
|
Batting: LHB Pedro Gonzáles
|
0-0: Ground out 4-3 (Groundball, 4M)
|
Top of the 10th over - 0 runs, 3 hits, 0 errors, 3 left on base; Hendersonville 4 - St. Louis 4 |
BOTTOM OF THE 10TH |
St. Louis Browns batting - Pitching for Hendersonville Hitmen : RHP Jimmy Banks
|
Now in RF: José Berroa
|
|
Batting: LHB Mike Hill
|
0-0: Called Strike 0-1: Ball 1-1: SINGLE (Flyball, 7LM)
|
Batting: LHB Miguel Medellín
|
0-0: Foul Ball, location: 2F 0-1: Ball Balk! Mike Hill to second 1-1: Ball 2-1: Ball 3-1: Base on Balls
|
Pitching: RHP Matthew Scott
|
|
Batting: LHB Junior Coates
|
0-0: Ball 1-0: Swinging Strike 1-1: Ball 2-1: Called Strike 2-2: Foul Ball, location: 2F 2-2: SINGLE (Groundball, 6MD) Mike Hill to third Miguel Medellín to second
|
Batting: RHB José Flores
|
0-0: Swinging Strike 0-1: Called Strike 0-2: Foul Ball, location: 2F 0-2: Foul Ball, location: 2F 0-2: Strikes out looking
|
Batting: LHB Dave Watson
|
0-0: Ball 1-0: Foul Ball, location: 2F 1-1: Ball 2-1: Ball 3-1: Swinging Strike 3-2: Strikes out looking
|
Batting: RHB Domingo Romero
|
0-0: Ground out 4-3 (Groundball, 4D)
|
Bottom of the 10th over - 0 runs, 2 hits, 0 errors, 3 left on base; Hendersonville 4 - St. Louis 4 |
TOP OF THE 11TH |
Hendersonville Hitmen batting - Pitching for St. Louis Browns : RHP Juan Franco
|
Pitching: RHP Jorge Pérez
|
|
Batting: LHB Milo Glenn
|
0-0: Called Strike 0-1: Foul Ball, location: 2F 0-2: Foul Ball, location: 2F 0-2: Ball 1-2: Ball 2-2: Strikes out swinging
|
Batting: RHB Boyd Pittman
|
0-0: Ball 1-0: Ground out 4-3 (Groundball, 4M)
|
Batting: SHB Félix Montoya
|
0-0: Called Strike 0-1: Ball 1-1: Swinging Strike 1-2: SINGLE (Groundball, 6D)
|
Batting: LHB José Berroa
|
0-0: Ball 1-0: Called Strike 1-1: Ball 2-1: Ball Félix Montoya steals 2nd base 3-1: Foul Ball, location: 2F 3-2: Ground out U3 (Groundball, 34)
|
Top of the 11th over - 0 runs, 1 hit, 0 errors, 1 left on base; Hendersonville 4 - St. Louis 4 |
BOTTOM OF THE 11TH |
St. Louis Browns batting - Pitching for Hendersonville Hitmen : RHP Matthew Scott
|
Batting: RHB Carlos Alfaro
|
0-0: Called Strike 0-1: Foul Ball, location: 2F 0-2: Foul Ball, location: 2F 0-2: Ground out 6-3 (Groundball, 56)
|
Batting: RHB Javier Martínez
|
0-0: Ball 1-0: Swinging Strike 1-1: Ball 2-1: Ball 3-1: Ground out 5-3 (Groundball, 56)
|
Batting: RHB Pepe Carrasco
|
0-0: Called Strike 0-1: SINGLE (Line Drive, 9)
|
Batting: LHB Mike Hill
|
0-0: Ball 1-0: Called Strike 1-1: Ball 2-1: Ball 3-1: Fly out, F7 (Flyball, 7)
|
Bottom of the 11th over - 0 runs, 1 hit, 0 errors, 1 left on base; Hendersonville 4 - St. Louis 4 |
TOP OF THE 12TH |
Hendersonville Hitmen batting - Pitching for St. Louis Browns : RHP Jorge Pérez
|
Batting: LHB Tommy Payne
|
0-0: Called Strike 0-1: Ball 1-1: Foul Ball, location: 2F 1-2: Strikes out swinging
|
Batting: RHB Felipe Jareño
|
0-0: Called Strike 0-1: Called Strike 0-2: Ball 1-2: Ball 2-2: Fly out, F8 (Flyball, 8LM)
|
Batting: SHB Rick Turner
|
0-0: Ball 1-0: Called Strike 1-1: Foul Ball, location: 2F 1-2: SINGLE (Groundball, 4MD)
|
Batting: RHB Ron Glass
|
0-0: Called Strike 0-1: Ground out 5-3 (Groundball, 56S)
|
Top of the 12th over - 0 runs, 1 hit, 0 errors, 1 left on base; Hendersonville 4 - St. Louis 4 |
BOTTOM OF THE 12TH |
St. Louis Browns batting - Pitching for Hendersonville Hitmen : RHP Matthew Scott
|
Batting: LHB Miguel Medellín
|
0-0: Ball 1-0: Called Strike 1-1: Fly out, F5 (Popup, 5L)
|
Batting: LHB Junior Coates
|
0-0: SINGLE (Groundball, 6D)
|
Batting: RHB José Flores
|
Pickoff Throw to First - Out! 0-0: Ball 1-0: Ground out 1-3 (Groundball, 13S)
|
Bottom of the 12th over - 0 runs, 1 hit, 0 errors, 0 left on base; Hendersonville 4 - St. Louis 4 |
TOP OF THE 13TH |
Hendersonville Hitmen batting - Pitching for St. Louis Browns : RHP Jorge Pérez
|
Pitching: LHP Terry Klassen
|
|
Batting: LHB Pedro Gonzáles
|
0-0: Ball 1-0: Called Strike 1-1: Called Strike 1-2: Strikes out swinging
|
Batting: LHB Milo Glenn
|
0-0: Ball 1-0: Foul Ball, location: 2F 1-1: Called Strike 1-2: Foul Ball, location: 2F 1-2: Strikes out swinging
|
Batting: RHB Boyd Pittman
|
0-0: Ball 1-0: Called Strike 1-1: Called Strike 1-2: Strikes out looking
|
Top of the 13th over - 0 runs, 0 hits, 0 errors, 0 left on base; Hendersonville 4 - St. Louis 4 |
BOTTOM OF THE 13TH |
St. Louis Browns batting - Pitching for Hendersonville Hitmen : RHP Matthew Scott
|
Batting: LHB Dave Watson
|
0-0: Called Strike 0-1: Ball 1-1: Ball 2-1: Ball 3-1: SINGLE (Groundball, 4MD)
|
Batting: RHB Domingo Romero
|
0-0: Called Strike 0-1: Fly out, F7 (Flyball, 7S)
|
Batting: RHB Carlos Alfaro
|
0-0: Ball 1-0: Foul Ball, location: 2F 1-1: Ball 2-1: Fly out, F8 (Flyball, 8LS)
|
Batting: RHB Javier Martínez
|
0-0: Ball 1-0: Ball 2-0: Foul Ball, location: 2F 2-1: Ball 3-1: Base on Balls Dave Watson to second
|
Batting: RHB Pepe Carrasco
|
0-0: Fielders Choice at 2nd, 6-4 (Groundball, 6)
|
Bottom of the 13th over - 0 runs, 1 hit, 0 errors, 2 left on base; Hendersonville 4 - St. Louis 4 |
TOP OF THE 14TH |
Hendersonville Hitmen batting - Pitching for St. Louis Browns : LHP Terry Klassen
|
Batting: SHB Félix Montoya
|
0-0: Ball 1-0: Called Strike 1-1: Ground out 1-3 (Groundball, 13S)
|
Batting: LHB José Berroa
|
0-0: Called Strike 0-1: Ground out 4-3 (Groundball, 4)
|
Batting: LHB Tommy Payne
|
0-0: Swinging Strike 0-1: Foul Ball, location: 2F 0-2: SINGLE (Line Drive, 4M)
|
Batting: RHB Felipe Jareño
|
0-0: Called Strike 0-1: Foul Ball, location: 2F 0-2: Ball 1-2: SINGLE (Line Drive, 7LS) Tommy Payne to second
|
Batting: SHB Rick Turner
|
0-0: Ball 1-0: Foul Ball, location: 2F 1-1: Foul Ball, location: 2F 1-2: Ball 2-2: Fly out, F4 (Popup, 4)
|
Top of the 14th over - 0 runs, 2 hits, 0 errors, 2 left on base; Hendersonville 4 - St. Louis 4 |
BOTTOM OF THE 14TH |
St. Louis Browns batting - Pitching for Hendersonville Hitmen : RHP Matthew Scott
|
Batting: LHB Mike Hill
|
0-0: Ball 1-0: Ball 2-0: Fly out, F7 (Flyball, 7)
|
Batting: LHB Miguel Medellín
|
0-0: Fly out, F7 (Flyball, 7S)
|
Batting: LHB Junior Coates
|
0-0: Called Strike 0-1: Fly out, F7 (Flyball, 7S)
|
Bottom of the 14th over - 0 runs, 0 hits, 0 errors, 0 left on base; Hendersonville 4 - St. Louis 4 |
TOP OF THE 15TH |
Hendersonville Hitmen batting - Pitching for St. Louis Browns : LHP Terry Klassen
|
Pitching: LHP Daniel Gregory
|
|
Batting: RHB Ron Glass
|
0-0: Foul Ball, location: 2F 0-1: Foul Ball, location: 2F 0-2: Foul Ball, location: 2F 0-2: DOUBLE (Flyball, 8LXD)
|
Batting: LHB Pedro Gonzáles
|
0-0: Called Strike 0-1: Ball 1-1: Called Strike 1-2: SINGLE (Groundball, 6D) Ron Glass to third Runner from 3rd tries for Home, SAFE, no throw
|
Batting: LHB Milo Glenn
|
0-0: Ball 1-0: Ball 2-0: Ball 3-0: Base on Balls Pedro Gonzáles to second
|
Batting: RHB Boyd Pittman
|
0-0: Called Strike 0-1: Foul Ball, location: 2F 0-2: Ball 1-2: Fielders Choice at 2nd, 1-6 (Groundball, P) Pedro Gonzáles to third
|
Batting: SHB Félix Montoya
|
0-0: Ball 1-0: Ball 2-0: Ball 3-0: Base on Balls Boyd Pittman to second
|
Batting: LHB José Berroa
|
0-0: Ball 1-0: Ball 2-0: Called Strike 2-1: Ball 3-1: Base on Balls Pedro Gonzáles scores Boyd Pittman to third Félix Montoya to second
|
Batting: LHB Tommy Payne
|
0-0: Foul Ball, location: 2F 0-1: Swinging Strike 0-2: Ball 1-2: Foul Ball, location: 2F 1-2: Strikes out swinging
|
Batting: RHB Felipe Jareño
|
0-0: Ball 1-0: Ball 2-0: Called Strike 2-1: Called Strike 2-2: Foul Ball, location: 2F 2-2: Ball 3-2: Strikes out looking
|
Top of the 15th over - 2 runs, 2 hits, 0 errors, 3 left on base; Hendersonville 6 - St. Louis 4 |
BOTTOM OF THE 15TH |
St. Louis Browns batting - Pitching for Hendersonville Hitmen : RHP Matthew Scott
|
Batting: RHB José Flores
|
0-0: SINGLE (Groundball, 56D)
|
Batting: LHB Dave Watson
|
0-0: 2-RUN HOME RUN (Flyball, 89XD), Distance : 378 ft
|
Pitching: RHP Tony Murillo
|
|
Batting: RHB Domingo Romero
|
0-0: Ball 1-0: Ball 2-0: Ball 3-0: Base on Balls
|
Batting: RHB Carlos Alfaro
|
0-0: Ball 1-0: SINGLE (Groundball, 56D) Domingo Romero to second
|
Batting: RHB Javier Martínez
|
0-0: Swinging Strike 0-1: Ball 1-1: Swinging Strike 1-2: Ball 2-2: Foul Ball, location: 2F 2-2: Grounds into double play, 1-6-3 (Groundball, P) Domingo Romero to third
|
Batting: RHB Pepe Carrasco
|
0-0: Ground out 6-3 (Groundball, 6)
|
Bottom of the 15th over - 2 runs, 3 hits, 0 errors, 1 left on base; Hendersonville 6 - St. Louis 6 |
TOP OF THE 16TH |
Hendersonville Hitmen batting - Pitching for St. Louis Browns : LHP Daniel Gregory
|
Pitching: LHP Mike Graves
|
|
Batting: SHB Rick Turner
|
0-0: Foul Ball, location: 2F 0-1: Swinging Strike 0-2: Foul Ball, location: 2F 0-2: Ball 1-2: Ball 2-2: Ball 3-2: Foul Ball, location: 2F 3-2: Strikes out swinging, 2-3 out at first.
|
Batting: RHB Ron Glass
|
0-0: Called Strike 0-1: Ball 1-1: Ball 2-1: Called Strike 2-2: Reached on error, E1 (Groundball, 13)
|
Batting: LHB Pedro Gonzáles
|
0-0: Swinging Strike 0-1: Foul Ball, location: 2F 0-2: Strikes out swinging Ron Glass steals 2nd base Batter strikes out.
|
Batting: LHB Milo Glenn
|
0-0: Called Strike 0-1: Foul Ball, location: 2F 0-2: Strikes out looking
|
Top of the 16th over - 0 runs, 0 hits, 1 error, 1 left on base; Hendersonville 6 - St. Louis 6 |
BOTTOM OF THE 16TH |
St. Louis Browns batting - Pitching for Hendersonville Hitmen : RHP Tony Murillo
|
Batting: LHB Mike Hill
|
0-0: Ball 1-0: Foul Ball, location: 2F 1-1: Ball 2-1: Ball 3-1: Base on Balls
|
Batting: LHB Miguel Medellín
|
0-0: SINGLE (Groundball, 4MD) Mike Hill to second Runner from 2nd tries for 3rd, SAFE, no throw
|
Batting: LHB Junior Coates
|
0-0: Called Strike 0-1: Ball 1-1: Ball 2-1: Swinging Strike 2-2: Strikes out swinging
|
Batting: RHB José Flores
|
0-0: Called Strike 0-1: Called Strike 0-2: Ball 1-2: Ground out 5-3 (Groundball, 56S) Miguel Medellín to second
|
Batting: LHB Dave Watson
|
0-0: Ground out 3-1 (Groundball, 34)
|
Bottom of the 16th over - 0 runs, 1 hit, 0 errors, 2 left on base; Hendersonville 6 - St. Louis 6 |
TOP OF THE 17TH |
Hendersonville Hitmen batting - Pitching for St. Louis Browns : LHP Mike Graves
|
Batting: RHB Boyd Pittman
|
0-0: Called Strike 0-1: Swinging Strike 0-2: Ball 1-2: Ball 2-2: Foul Ball, location: 2F 2-2: Ball 3-2: Strikes out swinging
|
Batting: SHB Félix Montoya
|
0-0: Called Strike 0-1: Called Strike 0-2: Strikes out swinging
|
Batting: LHB José Berroa
|
0-0: Foul Ball, location: 2F 0-1: Ball 1-1: Ball 2-1: Ground out 6-3 (Groundball, 6S)
|
Top of the 17th over - 0 runs, 0 hits, 0 errors, 0 left on base; Hendersonville 6 - St. Louis 6 |
BOTTOM OF THE 17TH |
St. Louis Browns batting - Pitching for Hendersonville Hitmen : RHP Rafael López
|
Pitching: RHP Rafael López
|
|
Batting: RHB Domingo Romero
|
0-0: Ball 1-0: Ball 2-0: Fly out, F8 (Flyball, 8RXD)
|
Batting: RHB Carlos Alfaro
|
0-0: Foul Ball, location: 2F 0-1: Fly out, F8 (Flyball, 8RM)
|
Batting: RHB Javier Martínez
|
0-0: Called Strike 0-1: Foul Ball, location: 2F 0-2: Foul Ball, location: 2F 0-2: Ball 1-2: Ground out 5-3 (Groundball, 56)
|
Bottom of the 17th over - 0 runs, 0 hits, 0 errors, 0 left on base; Hendersonville 6 - St. Louis 6 |
TOP OF THE 18TH |
Hendersonville Hitmen batting - Pitching for St. Louis Browns : LHP Mike Graves
|
Pitching: RHP Martín Ortíz
|
|
Batting: LHB Tommy Payne
|
0-0: Ball 1-0: Ball 2-0: Ball 3-0: Called Strike 3-1: Foul Ball, location: 2F 3-2: Base on Balls
|
Batting: RHB Felipe Jareño
|
0-0: Foul Ball, location: 2F 0-1: Foul Ball, location: 2F 0-2: Ball 1-2: Strikes out looking
|
Batting: SHB Rick Turner
|
0-0: Ball 1-0: Called Strike 1-1: Called Strike 1-2: Strikes out swinging
|
Batting: RHB Ron Glass
|
0-0: Ball 1-0: Called Strike 1-1: Called Strike 1-2: Foul Ball, location: 2F 1-2: Ball 2-2: DOUBLE (Line Drive, 78M) Tommy Payne to third Runner from 3rd tries for Home, SAFE, no throw
|
Batting: LHB Pedro Gonzáles
|
0-0: SINGLE (Line Drive, 9LS) Ron Glass to third Runner from 3rd tries for Home, SAFE, no throw
|
Batting: LHB Milo Glenn
|
0-0: Ball 1-0: Foul Ball, location: 2F 1-1: SINGLE (Flyball, 89S) Pedro Gonzáles to second Runner from 2nd tries for 3rd, SAFE, no throw
|
Batting: RHB Boyd Pittman
|
0-0: Ball 1-0: Swinging Strike 1-1: Ball 2-1: Ball 3-1: Foul Ball, location: 2F 3-2: Strikes out swinging
|
Top of the 18th over - 2 runs, 3 hits, 0 errors, 2 left on base; Hendersonville 8 - St. Louis 6 |
BOTTOM OF THE 18TH |
St. Louis Browns batting - Pitching for Hendersonville Hitmen : RHP Rafael López
|
Batting: RHB Pepe Carrasco
|
0-0: SINGLE (Groundball, 4MD)
|
Batting: LHB Mike Hill
|
0-0: Called Strike 0-1: Fly out, F9 (Flyball, 9)
|
Batting: LHB Miguel Medellín
|
0-0: Ball 1-0: Ball 2-0: Fly out, F7 (Flyball, 78M)
|
Batting: LHB Junior Coates
|
0-0: Ball 1-0: Foul Ball, location: 2F 1-1: Fly out, F7 (Flyball, 7S)
|
Bottom of the 18th over - 0 runs, 1 hit, 0 errors, 1 left on base; Hendersonville 8 - St. Louis 6 |
|